 Dungeon Sprint DCSS version 0.31-a0-18-gea43df2a32 (webtiles) character file.

Game seed: 9377453837795779834

54 zazu2006 the Skirmisher (level 5, -1/46 HPs)
             Began as a Gnoll Hunter on May 10, 2023.
             Was a Priest of Vehumet.
             Slain by a rust devil (7 damage)
             ... in the Dungeon (Sprint VI: "Thunderdome").
             The game lasted 00:03:25 (371 turns).

zazu2006 the Skirmisher (Gnoll Hunter)               Turns: 371, Time: 00:03:25

Health: -1/46      AC: -16   Str: 10    XL:     5   Next: 45%
Magic:  10/10      EV: 15    Int:  8    God:    Vehumet [***...]
Gold:   280        SH:  0    Dex: 18    Spells: 11/11 levels left

rFire   . . .        a - +0 shortbow
rCold   . . .        (shield currently unavailable)
rNeg    . . .        c - +0 leather armour
rPois   .            (no helmet)
rElec   .            (no cloak)
rCorr   .            (no gloves)
SInv    .            (no boots)
Will    .....        (no amulet)
Stlth   +++          (no ring)
HPRegen 0.27/turn    (no ring)
MPRegen 0.12/turn

%: no teleportation
@: corroded
A: fangs 1, strong nose, distributed training
a: Renounce Religion


You were in the Dungeon.
You worshipped Vehumet.
Vehumet was most pleased with you.
You visited 1 branch You collected 280 gold pieces.

Inventory:

Hand Weapons
 a - a +0 shortbow (weapon)
Armour
 c - a +0 leather armour (worn)
Wands
 l - a wand of iceblast (5)
Scrolls
 b - a scroll of immolation
 i - 4 scrolls of blinking
 m - 3 scrolls of fog
Potions
 d - a potion of curing
 e - 4 potions of heal wounds
 f - 4 potions of haste
 g - 2 potions of magic
 h - a potion of berserk rage
 j - a potion of resistance
 n - a potion of might {unknown}


   Skills:
 + Level 6.0 Fighting
 + Level 3.7 Short Blades
 + Level 3.7 Long Blades
 + Level 3.7 Axes
 + Level 3.7 Maces & Flails
 + Level 3.7 Polearms
 + Level 3.7 Staves
 + Level 9.3 Ranged Weapons
 + Level 3.7 Throwing
 + Level 3.7 Armour
 + Level 6.0 Dodging
 + Level 4.4 Stealth
 + Level 3.7 Shields
 + Level 3.7 Unarmed Combat
 + Level 3.7 Spellcasting
 + Level 3.0 Conjurations
 + Level 3.0 Hexes
 + Level 3.0 Summonings
 + Level 3.0 Necromancy
 + Level 3.0 Translocations
 + Level 3.0 Transmutations
 + Level 3.0 Fire Magic
 + Level 3.0 Ice Magic
 + Level 3.0 Air Magic
 + Level 3.0 Earth Magic
 + Level 3.0 Poison Magic
 + Level 4.1 Invocations
 + Level 3.7 Evocations


You had 11 spell levels left.
You didn't know any spells.
Your spell library was empty.

Dungeon Overview and Level Annotations

Branches:
Dungeon (1/1)

Altars:
Cheibriados
Dithmenos
Fedhas
Gozag
Kikubaaqudgha
Makhleb
Okawaru
Qazlal
Ru
Sif Muna
Trog
Uskayaw
Vehumet
Wu Jian
Xom
Yredelemnul
Zin
The Shining One
Lugonu

Shops:
D *[??*?*:[((!!!!


Innate Abilities, Weirdness & Mutations

You have very sharp teeth.
Your uncanny sense of smell can sniff out nearby items.
Your experience applies equally to all skills.


Message History

Fire: a) +0 shortbow
Press: ? - help, Q - select action, (/) - cycle Shift-Dir - straight line, f/p - rust devil
Aim: a rust devil (almost dead, blind, 74% to hit)
You shoot an arrow.
The arrow hits the rust devil but does no damage.
The rust devil is almost dead.
The rust devil hits you. The rust devil corrodes you!
An earth elemental comes into view.
Unknown command.
Fire: a) +0 shortbow
Press: ? - help, Q - select action, (/) - cycle Shift-Dir - straight line, f/p - rust devil
Aim: a rust devil (almost dead, wandering, blind, hasn't noticed you, 74% to hit)
You shoot an arrow.
The arrow hits the rust devil but does no damage.
The rust devil is almost dead.
The rust devil closely misses you.
Unknown command.
Fire: a) +0 shortbow
Press: ? - help, Q - select action, (/) - cycle Shift-Dir - straight line, f/p - rust devil
Aim: a rust devil (almost dead, blind, 74% to hit)
You shoot an arrow.
The arrow hits the rust devil but does no damage.
The rust devil is almost dead.
The rust devil barely misses you. The rust devil hits you!
* * * LOW HITPOINT WARNING * * *
The rust devil corrodes you!
Unknown command.
Unknown command.
Fire: a) +0 shortbow
Press: ? - help, Q - select action, (/) - cycle Shift-Dir - straight line, f/p - rust devil
Aim: a rust devil (almost dead, blind, 74% to hit)
You shoot an arrow.
The arrow hits the rust devil but does no damage.
The rust devil is almost dead.
The rust devil barely misses you.
Unknown command.
The rust devil is no longer blind.
The rust devil attacks as you move away!
The rust devil hits you!
You die...

#.....# ##.....## ##∩.....∩##
#∩.......∩# #_......._#
#_......._# #_........#
###.........###
#⌠..@4.......⌠#
######.8......÷..8.######
##.___......###......___∩##
###∩........8.# #.8........∩#
##.....)....E..###...........[
#⌠..........###...###.........
#⌠..........# #.<.# #.[.......
#⌠..........###...###.........
##.............###............


You could see an earth elemental and a rust devil.

Vanquished Creatures
  A hound (D)
  3 gnoll boudas (D)
  Terence (D)
  2 gnolls (D)
  A goblin (D)
  A ball python (D)
  A bat (D)
  A frilled lizard (D)
11 creatures vanquished.

Notes
Turn   | Place    | Note
-------+----------+-------------------------------------------
     0 | D        | zazu2006 the Gnoll Hunter began the quest for the Orb.
     0 | D        | Reached XP level 1. HP: 20/20 MP: 1/1
     1 | D        | Found a glowing silver altar of Zin.
     1 | D        | Found an opulent altar of Gozag.
     2 | D        | Found a burning altar of Makhleb.
     3 | D        | Found an ornate altar of the Wu Jian Council.
     4 | D        | Found a basalt altar of Yredelemnul.
     4 | D        | Found Cickad's Weapon Rack.
     4 | D        | Found Oriwur's Premium Goods.
     5 | D        | Found Taoqix's Basic Armour.
     5 | D        | Found Liwib's Miscellaneous Merchandise.
     5 | D        | Round 1.
     9 | D        | Found a stormy altar of Qazlal.
    10 | D        | Found Mixuette's Do-It-Yourself Clinic.
    10 | D        | Found a bloodstained altar of Trog.
    10 | D        | Found a snail-covered altar of Cheibriados.
    10 | D        | Found a shadowy altar of Dithmenos.
    10 | D        | Found Utoote's Distillery.
    11 | D        | Found Zunwoer's Bottled Wisdom.
    11 | D        | Found Weecanin's Distillery.
    15 | D        | Found a sacrificial altar of Ru.
    17 | D        | Found a hide-covered altar of Uskayaw.
    17 | D        | Found a shimmering altar of Xom.
    17 | D        | Found a shimmering blue altar of Sif Muna.
    17 | D        | Found Jooppid's Staff Store.
    17 | D        | Found Juetic's Magic Scroll Shop.
    18 | D        | Found Vesut's Must-Have Magic.
    18 | D        | Found Ylit's Magic Scroll Shop.
    21 | D        | Found a glowing golden altar of the Shining One.
    22 | D        | Found an iron altar of Okawaru.
    23 | D        | Found an ancient bone altar of Kikubaaqudgha.
    26 | D        | Found a radiant altar of Vehumet.
    27 | D        | Found a blossoming altar of Fedhas.
    27 | D        | Found a corrupted altar of Lugonu.
    27 | D        | Found Izomao's Identification Station.
    28 | D        | Found Sesuetz's Jewellery.
    28 | D        | Found Huine's Advanced Armour.
    34 | D        | Became a worshipper of Vehumet
    76 | D        | Noticed Terence
    79 | D        | Killed Terence
    79 | D        | Reached * piety under Vehumet
    79 | D        | Offered knowledge of Foxfire by Vehumet.
    80 | D        | Reached skill level 1 in Short Blades
    80 | D        | Reached skill level 1 in Long Blades
    80 | D        | Reached skill level 1 in Axes
    80 | D        | Reached skill level 1 in Maces & Flails
    80 | D        | Reached skill level 1 in Polearms
    80 | D        | Reached skill level 1 in Staves
    80 | D        | Reached skill level 1 in Throwing
    80 | D        | Reached skill level 1 in Armour
    80 | D        | Reached skill level 1 in Shields
    80 | D        | Reached skill level 1 in Unarmed Combat
    80 | D        | Reached skill level 1 in Spellcasting
    80 | D        | Reached skill level 1 in Conjurations
    80 | D        | Reached skill level 1 in Hexes
    80 | D        | Reached skill level 1 in Summonings
    80 | D        | Reached skill level 1 in Necromancy
    80 | D        | Reached skill level 1 in Translocations
    80 | D        | Reached skill level 1 in Transmutations
    80 | D        | Reached skill level 1 in Fire Magic
    80 | D        | Reached skill level 1 in Ice Magic
    80 | D        | Reached skill level 1 in Air Magic
    80 | D        | Reached skill level 1 in Earth Magic
    80 | D        | Reached skill level 1 in Poison Magic
    80 | D        | Reached skill level 1 in Evocations
    80 | D        | Reached XP level 2. HP: 26/26 MP: 1/4
    80 | D        | Reached XP level 3. HP: 32/32 MP: 1/5
   110 | D        | Arena points: 12 (+12) [x2]
   111 | D        | Reached skill level 5 in Fighting
   111 | D        | Reached skill level 5 in Dodging
   175 | D        | Round 2.
   178 | D        | Reached ** piety under Vehumet
   179 | D        | Reached XP level 4. HP: 39/39 MP: 5/7
   192 | D        | Offered knowledge of Shock by Vehumet.
   193 | D        | Reached skill level 9 in Ranged Weapons
   219 | D        | Reached XP level 5. HP: 24/46 MP: 9/9
   276 | D        | Reached *** piety under Vehumet
   276 | D        | Arena points: 54 (+42) [x3]
   320 | D        | Round 3.
   333 | D        | Noticed a rust devil
   371 | D        | Slain by a rust devil

Illustrated notes

Levels and vault maps discovered:
D:        arena_sprint

Skill      XL: |  1  2  3  4  5 |
---------------+----------------+-----
Short Blades   | 1 2 3 |  3.7
Long Blades    | 1 2 3 |  3.7
Axes           | 1 2 3 |  3.7
Maces & Flails | 1 2 3 |  3.7
Polearms       | 1 2 3 |  3.7
Staves         | 1 2 3 |  3.7
Throwing       | 1 2 3 |  3.7
Armour         | 1 2 3 |  3.7
Stealth        | 3 4 |  4.4
Shields        | 1 2 3 |  3.7
Unarmed Combat | 1 2 3 |  3.7
Spellcasting   | 1 2 3 |  3.7
Conjurations   | 1 2 3 |  3.0
Hexes          | 1 2 3 |  3.0
Summonings     | 1 2 3 |  3.0
Necromancy     | 1 2 3 |  3.0
Translocations | 1 2 3 |  3.0
Transmutations | 1 2 3 |  3.0
Fire Magic     | 1 2 3 |  3.0
Ice Magic      | 1 2 3 |  3.0
Air Magic      | 1 2 3 |  3.0
Earth Magic    | 1 2 3 |  3.0
Poison Magic   | 1 2 3 |  3.0
Invocations    | 2 3 4 |  4.1
Evocations     | 1 2 3 |  3.7
Fighting       | 5 6 |  6.0
Dodging        | 5 6 |  6.0
Ranged Weapons | 9 |  9.3

Action                     |  1- 3 |  4- 6 || total
---------------------------+-------+-------++-------
   Fire: Shortbow          |    10 |    57 ||    67
  Evoke: Wand              |     1 |     4 ||     5
 Armour: Leather armour    |     1 |     2 ||     3
  Dodge: Dodged            |     3 |    22 ||    25

Table legend: (Time is in decaauts)
 A = Elapsed time spent in this place.
 B = Non-inter-level travel time spent in this place.
 C = Inter-level travel time spent in this place.
 D = Time resting spent in this place.
 E = Time spent auto-exploring this place.
 F = Levels seen in this place.
 G = Mean time per level.
                   A        B        C        D        E       F      G
               +--------+--------+--------+--------+--------+-----+--------+
         Total |    377 |    377 |      0 |      0 |    149 |   1 |  377.0 |
       Dungeon |    377 |    377 |      0 |      0 |    149 |   1 |  377.0 |
               +--------+--------+--------+--------+--------+-----+--------+

Top non-repeatable levels by time:
       D: 377 daAuts
